 Dungeon Crawl Stone Soup version 0.28.0-53-g5a82cb258f (webtiles) character file.

Game seed: 13942224830968171144

36 NoAnimeNoLife the Shooter (level 3, -2/30 HPs)
             Began as a Minotaur Hunter on June 2, 2022.
             Slain by an orc wizard
             ... wielding a +0 dagger
              (3 damage)
             ... on level 2 of the Dungeon.
             The game lasted 00:01:09 (1845 turns).

NoAnimeNoLife the Shooter (Minotaur Hunter)         Turns: 1845, Time: 00:01:09

Health: -2/30      AC:  3    Str: 15 (16) XL:     3   Next: 19%
Magic:  2/2        EV: 11    Int:  5 (8)  God:
Gold:   0          SH:  0    Dex:  9 (12) Spells: 2/2 levels left

rFire   . . .      SeeInvis .   b - +0 short sword
rCold   . . .      Faith    .   (no shield)
rNeg    . . .      Spirit   .   c - +0 leather armour
rPois   .          Reflect  .   (helmet restricted)
rElec   .          Harm     .   (no cloak)
rCorr   .          Rampage  .   (no gloves)
Will    .....                   (no boots)
Stlth   +.........              (no amulet)
HPRegen 0.10/turn               (no ring)
MPRegen 0.08/turn               (no ring)

@: no status effects
A: horns 2, retaliatory headbutt
a: no special abilities


You were on level 2 of the Dungeon.
You visited 1 branch of the dungeon, and saw 2 of its levels.

Inventory:

Hand Weapons
 a - a +1 shortbow
 b - a +0 short sword (weapon)
Missiles
 d - 57 arrows
 j - 42 stones (quivered)
Armour
 c - a +0 leather armour (worn)
Scrolls
 f - a scroll of noise {unknown}
 h - a scroll of amnesia {unknown}
 i - a scroll of enchant weapon {unknown}
 k - 2 scrolls of identify {unknown}
Potions
 g - a potion of degeneration


   Skills:
 - Level 2.6 Fighting
 + Level 5.3 Bows
 - Level 2.4 Dodging
 - Level 1.1 Stealth


You had 2 spell levels left.
You didn't know any spells.
Your spell library was empty.

Dungeon Overview and Level Annotations

Branches:
Dungeon (2/15)

Altars:
Beogh


Innate Abilities, Weirdness & Mutations

You have a pair of horns on your head.
You reflexively headbutt those who attack you in melee.


Message History

The orc wizard mumbles some strange words.
The orc wizard flickers and vanishes!
Deactivating autopickup; reactivate with Ctrl-A.
The orc barely misses you.
You hit the orc.
The orc is severely wounded.
The orc hits you with a +0 flail.
You hit the orc. You headbutt the orc, but do no damage.
The orc is almost dead.
The orc hits you with a +0 flail!
You closely miss the orc.
The orc is almost dead.
The orc hits you with a +0 flail.
You hit the orc.
You kill the orc!
A magic dart appears from out of thin air!
The magic dart hits you!
* * * LOW HITPOINT WARNING * * *
You hear some strange, mumbled words.
You are confused.
Things that are here:
a +0 flail; a +0 leather armour You bump into the rock wall.
Something hits you but does no damage.
You are too confused!
It was a potion of degeneration.
There was something very wrong with that liquid.
You feel weakened.
You feel dopey.
You feel clumsy. Something hits you but does no damage.
It was a potion of magic.
Magic courses through your body. Something hits you.
* * * LOW HITPOINT WARNING * * *
You're too confused to move!
Something hits you.
* * * LOW HITPOINT WARNING * * *
You completely miss something.
You feel less confused. Something hits you.
* * * LOW HITPOINT WARNING * * *
You hit something. Your headbutt misses something.
Something hits you but does no damage.
You miss something. Something hits you.
You die...

#.##### ### #.....) #..
####### #.####### #
#.#.....# # #=##.##.# #
#o#...#.# # #{###.#.# #
#@#.....# # #.#.#.### #
#.#.#÷# #.########
######.#.#.###.........
...............>...†....
#.###.#.#.#.#######....#
#.#.#.#.# #....# #
#.#.#.##########.#
#.#.#........)...#


You could see an orc.

Vanquished Creatures
  An adder (D:2)
  An orc (D:2)
  A bat (D:2)
  An endoplasm (D:1)
  2 giant cockroaches (D:1)
  A hobgoblin (D:1)
  3 jackals (D:1)
  2 kobolds
  A quokka (D:1)
  4 ball pythons (D:1)
  2 frilled lizards (D:1)
  7 rats
26 creatures vanquished.

Notes
Turn   | Place    | Note
-------+----------+-------------------------------------------
     0 | D:1      | NoAnimeNoLife the Minotaur Hunter began the quest for the
                  | Orb.
     0 | D:1      | Reached XP level 1. HP: 18/18 MP: 0/0
    45 | D:1      | Reached skill level 1 in Stealth
   408 | D:1      | Reached XP level 2. HP: 25/25 MP: 1/1
  1101 | D:1      | Found a faded altar of an unknown god.
  1186 | D:1      | Reached skill level 5 in Bows
  1597 | D:2      | Reached XP level 3. HP: 20/30 MP: 2/2
  1843 | D:2      | HP: 1/30 [something (4)]
  1845 | D:2      | Slain by an orc wizard

Illustrated notes

Levels and vault maps discovered:
D:1:      dpeg_arrival_court, layout_basic,
          hellmonk_ecumenical_altar_defaced_shrine
D:2:      kennysheep_the_goblin_king, layout_basic

Skill      XL: |  1  2 |
---------------+-------+-----
Stealth        | 1 |  1.1
Bows           | 5 |  5.3
Fighting       | |  2.6
Dodging        | |  2.4

Action                   || total
-------------------------++-------
Melee: Short sword       ||    73
       Headbutt          ||     5
       Punch             ||     1
  Use: Potion            ||     2
 Stab: Sleeping          ||     2
Armor: Leather armour    ||    21
Dodge: Dodged            ||    44
